Get step-by-step instructions on how to execute this build order below. Start the game timer, and the build order will tick by so you can play in parallel with StarCraft on a second screen or mobile device.

Game Time

  0:00

Last Step

  N/A

Next Step

Upcoming Step



Don't want to look back and forth between 2 screens? Try out our Overwolf App, the Spawning Tool Build Advisor to get an in-game overlay with this build!

Complete Build Order

  12  0:00  Drone  
  13  0:12  Overlord  
  13  0:19  Drone  
  14  0:31  Drone x2  
  16  0:50  Hatchery  
  16  0:51  Drone  
  16  0:56  Drone  
  17  0:58  Drone  
  18  1:10  Extractor  
  17  1:15  Spawning Pool  
  17  1:17  Drone  
  17  1:20  Drone  
  18  1:28  Drone  
  19  1:39  Drone  
  20  1:50  Overlord  
  20  2:02  Queen, Zergling x4  
  20  2:03  Queen  
  26  2:11  Drone  
  26  2:12  Drone  
  28  2:27  Drone x2  
  30  2:32  Hatchery  
  30  2:34  Metabolic Boost  
  30  2:36  Drone  
  30  2:40  Drone  
  31  2:48  Queen  
  31  2:51  Overlord  
  33  2:53  Drone  
  34  2:59  Drone x2  
  36  3:07  Overlord  
  36  3:10  Drone  
  37  3:18  Overlord  
  37  3:19  Drone x4  
  42  3:20  Drone x2  
  43  3:29  Drone x2  
  45  3:39  Zergling x2  
  46  3:42  Queen  
  46  3:43  Baneling Nest  
  47  3:54  Queen  
  49  3:56  Zergling x18  
  55  4:11  Zergling x12  
  60  4:30  Drone, Queen  
  60  4:31  Drone x2  
  65  4:36  Spore Crawler  
  62  4:53  Drone x4  
  62  5:10  Extractor  
  61  5:15  Spore Crawler  
  56  5:39  Drone x4  
  56  5:40  Drone x8  
  56  5:41  Overlord x4  
  66  5:48  Overlord  
  65  5:50  Overlord x5  
  65  5:53  Lair  
  65  5:55  Hatchery x2  
  62  5:58  Drone x3  
  62  5:59  Queen, Extractor  
  66  6:15  Drone x4  
  66  6:17  Drone x6, Extractor  
  75  6:19  Extractor  
  75  6:23  Evolution Chamber x2  
  75  6:25  Zergling x4  
  74  6:28  Zergling x2  
  75  6:39  Overlord x3  
  75  6:42  Zergling x12  
  81  6:47  Spore Crawler  
  81  6:48  Spore Crawler  
  81  6:50  Zerg Melee Weapons Level 1, Zerg Ground Armor Level 1  
  80  6:55  Centrifical Hooks  
  80  6:59  Drone x5  
  85  7:06  Overseer  
  85  7:11  Drone  
  85  7:12  Drone x4  
  85  7:13  Drone x2  
  92  7:16  Extractor  
  92  7:17  Drone x2  
  92  7:20  Zergling x12  
  92  7:22  Baneling x6  
  99  7:23  Zergling x4  
  99  7:25  Baneling  
  101  7:34  Zergling x6  
  101  7:35  Zergling x2  
  105  7:39  Zergling x6  
  105  7:40  Baneling x2  
  105  7:42  Zergling x4  
  107  7:56  Queen  
  107  8:09  Hydralisk Den  
  107  8:10  Drone  
  107  8:13  Overseer  
  107  8:17  Zergling x4  
  107  8:18  Zergling x36  
  107  8:19  Hatchery  
  126  8:21  Baneling  
  126  8:22  Baneling x4  
  126  8:32  Queen  
  128  8:39  Baneling x9  
  128  8:40  Baneling x3  
  128  8:41  Grooved Spines  
  123  9:15  Overseer  
  122  9:28  Queen  
  122  9:29  Hydralisk  
  122  9:30  Hydralisk x9  
  143  9:32  Overlord x2  
  143  9:33  Drone  
  143  9:34  Drone x14  
  158  9:40  Infestation Pit  
  157  9:56  Zerg Melee Weapons Level 2  
  157  10:06  Extractor  
  155  10:07  Extractor  
  155  10:13  Pneumatized Carapace  
  154  10:33  Hatchery  
  137  10:46  Zergling x38  
  137  10:47  Zergling x6  
  150  10:58  Drone x7  
  150  11:00  Muscular Augments, Queen  
  158  11:04  Hive  
  157  11:13  Baneling x2  
  157  11:14  Baneling x2  
  156  11:37  Baneling  
  156  11:38  Baneling x19, Hydralisk x2  
  156  11:39  Hydralisk x10  
  180  11:48  Queen  
  182  11:58  Overlord x2  
  182  11:59  Overlord x3  
  182  12:05  Zergling x10  
  187  12:19  Queen  
  160  13:11  Hatchery, Hydralisk  
  150  13:14  Zergling x36  
  150  13:15  Zergling x8  
  169  13:21  Hydralisk Den  
  168  13:39  Baneling x8  
  156  13:50  Overseer x2  
  155  13:56  Queen  
  155  13:57  Queen  
  155  14:00  Baneling x2  
  155  14:01  Baneling x8  
  159  14:04  Ultralisk Cavern  
  159  14:05  Baneling  
  159  14:06  Baneling x6  
  158  14:12  Zergling x2  
  158  14:13  Zergling x36  
  177  14:21  Zergling x6  
  168  14:56  Baneling x7  
  168  14:57  Baneling x7  
  146  15:09  Zergling x54  
  163  15:19  Ultralisk x3  
  163  15:20  Chitinous Plating  
  178  15:23  Zerg Ground Armor Level 2, Zerg Melee Weapons Level 3  
  158  15:41  Ultralisk x3  
  158  15:42  Ultralisk x4  
  200  15:48  Drone, Hatchery, Extractor  
  199  16:01  Baneling x5  
  182  16:39  Anabolic Synthesis  
  176  16:45  Ultralisk x3  
  176  16:46  Ultralisk  
  176  16:47  Zergling x8  
  199  16:53  Zergling x18  
  199  16:54  Zergling x4  
  198  16:57  Overseer  
  198  16:58  Overseer x3  
  194  17:03  Zergling x10  
  184  17:26  Adrenal Glands  
  183  17:33  Zergling x32  
  179  17:57  Zergling x2  
  179  17:58  Zergling x36  
  130  18:13  Ultralisk x5  
  130  18:18  Baneling  
  130  18:19  Baneling x2  
  151  18:22  Baneling x2  
  151  18:24  Queen  
  141  18:30  Zergling x24  
  148  18:36  Baneling x8  
  148  18:54  Baneling x7  
  148  18:55  Baneling x3  
  148  19:00  Queen  
  133  19:17  Hydralisk x6  
  133  19:20  Zergling x30  
  133  19:23  Overseer  
  160  19:29  Extractor  
  159  19:41  Baneling x3  
  159  19:42  Baneling x2  
  159  19:43  Ultralisk  
  165  19:59  Lurker Den  
  134  20:38  Zergling x2  
  134  20:39  Ultralisk x3  
  134  20:41  Zergling x46  
  170  21:10  Hydralisk  
  170  21:11  Hydralisk x7  
  127  21:40  Lurker  
  127  21:41  Lurker x2  
  112  22:10  Hydralisk x5  
  112  22:11  Hydralisk  
  112  22:13  Drone x9  
  126  22:24  Extractor  
  126  22:27  Extractor, Zergling x6  
  122  22:44  Lurker